 Dungeon Crawl Stone Soup version 0.18-a0-1372-gd644665 (webtiles) character file.

64 Duffy the Insei (level 4, 0/28 HPs)
             Began as a Tengu Monk on Feb 21, 2016.
             Slain by a worm (6 damage)
             ... on level 2 of the Dungeon.
             The game lasted 00:01:26 (1046 turns).

Duffy the Insei (Tengu Monk)                        Turns: 1046, Time: 00:01:26

Health: 0/28       AC:  6    Str: 11    XL:     4   Next: 12%
Magic:  5/5        EV: 12    Int: 11    God:
Gold:   38         SH:  0    Dex: 17    Spells: 0 memorised, 3 levels left

rFire  . . .     SeeInvis .       - Unarmed
rCold  . . .     Gourm    .     c - +0 ring mail
rNeg   . . .     Faith    .     (no shield)
rPois  .         Spirit   .     r - +0 hat
rElec  .         Dismiss  .     (no cloak)
rCorr  .         Reflect  .     i - +0 pair of gloves
SustAt .         Harm     .     (boots unavailable)
MR     .....                    (no amulet)
Stlth  +.........               (no ring)
                                (no ring)

@: not resistant to hostile enchantments, very unstealthy
A: beak, talons 3
a: no special abilities


You were on level 2 of the Dungeon.
You were not hungry.

You visited 1 branch of the dungeon, and saw 2 of its levels.

You collected 38 gold pieces.


Innate Abilities, Weirdness & Mutations

You have a beak for a mouth.
You have claws for feet.


   Skills:
 - Level 3.0 Fighting
 - Level 3.2 Dodging
 - Level 2.0 Stealth
 + Level 6.1 Unarmed Combat


You had 3 spell levels left.
You didn't know any spells.

Inventory:

Missiles
 s - 13 poisoned needles
Armour
 a - a +0 robe
 c - a +0 ring mail (worn)
 i - a +0 pair of gloves (worn)
 r - a +0 hat (worn)
Jewellery
 g - an uncursed ring of ice
Scrolls
 k - a scroll of fog
 n - a scroll of enchant weapon {unknown}
 o - a scroll of recharging {unknown}
Potions
 e - 2 potions of curing {unknown}
 h - a potion of magic {unknown}
 j - a potion of cure mutation {unknown}
Comestibles
 b - a bread ration
 m - a slice of pizza
 p - 2 meat rations

Dungeon Overview and Level Annotations

Branches:
Dungeon (2/15)

Altars:


Message History

You are too injured to fight recklessly!
You are too injured to fight recklessly!
You are too injured to fight recklessly!
You are too injured to fight recklessly!
You are too injured to fight recklessly!
You are too injured to fight recklessly!
You are too injured to fight recklessly!
You are too injured to fight recklessly!
You are too injured to fight recklessly!
You barely miss Natasha. You peck Natasha.
Natasha is moderately wounded.
The giant cockroach barely misses you. Natasha claws you but does no damage.
You hit Natasha.
Natasha is moderately wounded.
The giant cockroach bites you but does no damage.
Natasha misses you.
You hit Natasha. You punch Natasha.
Natasha is almost dead.
The giant cockroach bites you but does no damage.
The giant cockroach closely misses you.
You hit Natasha.
You kill Natasha!
Natasha growls in agony!
Your Unarmed Combat skill increases to level 6!
You have reached level 4!
You feel clever.
The giant cockroach bites you but does no damage.
The giant cockroach bites you.
You are too injured to fight recklessly!
You are too injured to fight recklessly!
You punch the giant cockroach!
You kill the giant cockroach!
You see here a giant cockroach corpse.
The worm bites you.
You die...

#.# #.... #.#
#... # #.# #.#.
.# #.# #.#. # #
###.# #.# #.##
##.##. #... #.##
#.#. ......###.#
#.# #.#.###.#.
#....%...#
#.##.###......
#...w@###.###
#.#.#.##
#####.%...#
#.##.#.##
###.#.# ##
#.#... #.#.#
#.#.##
#.#)#######.#.#
#.........?...#
#############.##
#.#. #...


You could see a worm.

Action                   |  1- 3 |  4- 6 || total
-------------------------+-------+-------++-------
Melee: Unarmed           |    72 |     1 ||    73
  Use: Scroll            |     4 |       ||     4
 Stab: Sleeping          |     1 |       ||     1

Notes
Turn   | Place    | Note
--------------------------------------------------------------
     0 | D:1      | Duffy the Tengu Monk began the quest for the Orb.
     0 | D:1      | Reached XP level 1. HP: 14/14 MP: 2/2
   195 | D:1      | Reached XP level 2. HP: 14/19 MP: 3/3
   292 | D:1      | Reached skill level 5 in Unarmed Combat
   656 | D:2      | Reached XP level 3. HP: 23/23 MP: 4/4
  1031 | D:2      | Noticed Natasha
  1039 | D:2      | Killed Natasha
  1039 | D:2      | Reached skill level 6 in Unarmed Combat
  1039 | D:2      | Reached XP level 4. HP: 6/28 MP: 5/5
  1046 | D:2      | Slain by a worm

Vault maps used:
D:1:      roderic_dead_forest
D:2:      uniq_iyjb, uniq_natasha

Vanquished Creatures
  Natasha
  An ooze
  A giant gecko
  3 ball pythons
  2 giant cockroaches
  6 goblins
  3 hobgoblins
  4 kobolds
  4 bats
  3 giant newts
  7 rats
35 creatures vanquished.
